 Dungeon Crawl Stone Soup version 0.31-a0-1370-gf52a5a9ab3 (webtiles) character file.

Game seed: 3095676697419833496

413 grandjackal the Slasher (level 6, -1/82 HPs)
             Began as a Draconian Gladiator on Dec 24, 2023.
             Slain by a water moccasin (8 damage)
             ... on level 5 of the Dungeon.
             The game lasted 00:03:50 (3345 turns).

grandjackal the Slasher (Draconian Gladiator)       Turns: 3345, Time: 00:03:51

Health: -1/82      AC:  9    Str: 17    XL:     6   Next: 59%
Magic:  6/6        EV: 13    Int:  8    God:
Gold:   180        SH:  0    Dex: 14    Spells: 5/5 levels left

rFire   . . .        a - +0 long sword
rCold   + . .        (no shield)
rNeg    . . .        (body armour unavailable)
rPois   .            b - +0 hat
rElec   .            y - +0 cloak
rCorr   .            u - +0 pair of gloves
SInv    .            w - +0 pair of boots
Will    .....        (no amulet) Stlth
                     h - ring of protection from cold
HPRegen 0.33/turn    (no ring)
MPRegen 0.10/turn

%: no passive effects
@: berserking, lethally poisoned (-1 -> -10), very slightly contaminated, very
quick
A: AC +6, unfitting armour, cold-blooded, talons 1, wild magic 1, evolution 1
a: no special abilities


You were on level 5 of the Dungeon.
You visited 2 branches of the dungeon, and saw 6 of its levels.

You collected 180 gold pieces.

Inventory:

Hand Weapons
 a - a +0 long sword (weapon)
Missiles
 d - 6 javelins
Armour
 b - a +0 hat (worn)
 u - a +0 pair of gloves (worn)
 w - a +0 pair of boots (worn)
 y - a +0 cloak (worn)
Jewellery
 h - a ring of protection from cold (left hand)
 l - a ring of positive energy
Wands
 i - a wand of acid (8)
Scrolls
 g - 2 scrolls of immolation {unknown}
 j - a scroll of brand weapon {unknown}
 m - 3 scrolls of teleportation {unknown}
 o - a scroll of noise {unknown}
 p - a scroll of amnesia {unknown}
 q - a scroll of acquirement {unknown}
 r - a scroll of silence {unknown}
 t - a scroll of enchant weapon {unknown}
 z - a scroll of identify {unknown}
Potions
 e - 2 potions of magic
 s - a potion of curing


   Skills:
 + Level 4.8 Fighting
 + Level 4.9 Long Blades
 - Level 2.0 Throwing
 + Level 4.4 Dodging


You had 5 spell levels left.
You didn't know any spells.
Your spell library was empty.

Dungeon Overview and Level Annotations

Branches:
Dungeon (5/15)             Temple (1/1) D:4

Altars:
Dithmenos
Hepliaklqana
Qazlal
Ru
Sif Muna
Wu Jian
Xom
Yredelemnul
Zin
The Shining One

Shops:
D:2 (

Annotations:
D:1 2 transporters


Innate Abilities, Weirdness & Mutations

Your plain brown scales are hard. (AC +6)
You cannot fit into any form of body armour.
You are cold-blooded and may be slowed by cold attacks.
You have sharp toenails.
Your spells are a little harder to cast, but a little more powerful.
You have hidden genetic potential.


Message History

You are no longer poisoned.
The water moccasin bites you.
* * * LOW HITPOINT WARNING * * *
It was a potion of curing.
You feel better. The water moccasin closely misses you.
The water moccasin bites you but does no damage.
It was a potion of attraction.
You feel attractive to monsters. The water moccasin bites you!
* * * LOW HITPOINT WARNING * * *
You feel better. The water moccasin barely misses you.
It was a potion of enlightenment.
You feel very buoyant.
You fly up into the air.
The water moccasin bites you.
* * * LOW HITPOINT WARNING * * *
The water moccasin bites you but does no damage.
It was a potion of cancellation.
Your magical effects are unravelling.
You feel magically purged.
You are very lightly contaminated with residual magic.
You float gracefully downwards.
Your enlightenment fades.
The water moccasin bites you.
* * * LOW HITPOINT WARNING * * *
You are lethally poisoned!
The water moccasin poisons you!
You feel less attractive to monsters.
It was a potion of berserk rage.
A red film seems to cover your vision as you go berserk!
You feel yourself moving faster!
You feel mighty!
* * * LOW HITPOINT WARNING * * *
You feel very sick. The water moccasin bites you.
* * * LOW HITPOINT WARNING * * *
The water moccasin barely misses you.
You are too berserk!
You closely miss the water moccasin. You tail-slap the water moccasin.
The water moccasin is heavily wounded.
* * * LOW HITPOINT WARNING * * *
You feel sick. The water moccasin bites you!
You die...

### ######...
####(.......
....###...........
..!#.........!....
..........S.......
..........@.......
...........#######
...........#
...........#
...........#
...........#
?..........#
.......>...##########
....................#


You could see a water moccasin.

Vanquished Creatures
  A black bear (D:4)
  An orc priest (D:3)
  A hound (D:4)
  An iguana (D:2)
  Natasha (thrice) (D:4)
  5 adders
  A bombardier beetle (D:4)
  A worm (D:4)
  9 orcs (D:3)
  4 bats
  8 endoplasms
  9 giant cockroaches
  5 goblins
  8 hobgoblins
  14 jackals
  3 quokkas
  12 ball pythons
  6 frilled lizards
  A kobold (D:1)
  5 rats
98 creatures vanquished.

Vanquished Creatures (others)
  A goblin (D:4)
1 creature vanquished.

Grand Total: 99 creatures vanquished

Notes
Turn   | Place    | Note
-------+----------+-------------------------------------------
     0 | D:1      | grandjackal the Draconian Gladiator began the quest for the
                  | Orb.
     0 | D:1      | Reached XP level 1. HP: 17/17 MP: 1/1
   146 | D:1      | Reached XP level 2. HP: 25/25 MP: 2/2
   821 | D:2      | Reached XP level 3. HP: 22/30 MP: 3/3
   915 | D:2      | Found a basalt altar of Yredelemnul.
  1040 | D:2      | Found Jinwebos's Antique Weapon Boutique.
  1076 | D:2      | Found a faded altar of an unknown god.
  1367 | D:2      | Reached XP level 4. HP: 20/38 MP: 4/4
  2012 | D:3      | Reached XP level 5. HP: 36/46 MP: 5/5
  2324 | D:3      | Found a stormy altar of Qazlal.
  2364 | D:3      | Found an ornate altar of the Wu Jian Council.
  2562 | D:4      | Noticed a black bear
  2574 | D:5      | Entered Level 5 of the Dungeon
  2582 | D:5      | Noticed a water moccasin
  2702 | D:4      | Found a staircase to the Ecumenical Temple.
  2712 | Temple   | Entered the Ecumenical Temple
  2748 | D:4      | Noticed Natasha
  2762 | D:4      | Killed Natasha
  2920 | D:4      | Killed a black bear
  2921 | D:4      | Reached XP level 6. HP: 37/53 MP: 6/6
  3003 | D:4      | Found a glowing silver altar of Zin.
  3063 | D:4      | Noticed Natasha
  3071 | D:4      | Killed Natasha
  3192 | D:4      | Noticed Natasha
  3200 | D:4      | Killed Natasha
  3338 | D:5      | Gained mutation: You have sharp toenails. [potion of
                  | mutation]
  3338 | D:5      | Gained mutation: You have hidden genetic potential. [potion
                  | of mutation]
  3338 | D:5      | Gained mutation: Your spells are a little harder to cast,
                  | but a little more powerful. [potion of mutation]
  3345 | D:5      | Slain by a water moccasin

Illustrated notes

Levels and vault maps discovered:
D:1:      spicycebolla_arrival_transporter_tutorial, layout_loops_ring,
          wad_floor_pattern_1, nicolae_concentric_dashed_squares_mild,
          nicolae_titane
D:2:      kennysheep_six_static_rooms, layout_basic,
          shapermc_ecumenical_altar_starsandcircs, basic_altar, serial_shops,
          shop
D:3:      layout_rooms, general_overflow_altar,
          pdpol_wu_jian_five_deadly_venoms, grunt_ministairs_7,
          minmay_shallow_snake_nest
D:4:      layout_cave_pools, kennysheep_mini_moat, temple_pool_b, uniq_natasha
D:5:      layout_layer_cave, lemuel_coloured_pillars_altar,
          okawaru_metal_pillars_3
Temple:   nicolae_temple_ecumenical_triangle

Skill      XL: |  1  2  3  4  5 |
---------------+----------------+-----
Throwing       | 2 |  2.0
Dodging        | 3 4 |  4.4
Fighting       | 3 4 |  4.8
Long Blades    | 4 |  4.9

Action                     |  1- 3 |  4- 6 || total
---------------------------+-------+-------++-------
  Melee: Long sword        |   121 |   240 ||   361
         Tailslap          |    16 |    21 ||    37
  Throw: Throwing net      |       |     3 ||     3
    Use: Potion            |       |     8 ||     8
   Stab: Sleeping          |     1 |     3 ||     4
 Armour: Skin              |    53 |   212 ||   265
  Dodge: Dodged            |    97 |   262 ||   359

Table legend: (Time is in decaauts)
 A = Elapsed time spent in this place.
 B = Non-inter-level travel time spent in this place.
 C = Inter-level travel time spent in this place.
 D = Time resting spent in this place.
 E = Time spent auto-exploring this place.
 F = Levels seen in this place.
 G = Mean time per level.
                   A        B        C        D        E       F      G
               +--------+--------+--------+--------+--------+-----+--------+
         Total |   3450 |   3373 |     77 |    335 |   2156 |   6 |  575.0 |
       Dungeon |   3420 |   3343 |     77 |    335 |   2156 |   5 |  684.0 |
        Temple |     29 |     29 |      0 |      0 |      0 |   1 |   29.0 |
               +--------+--------+--------+--------+--------+-----+--------+

Top non-repeatable levels by time:
     D:2: 1073 daAuts
     D:4: 816 daAuts
     D:1: 809 daAuts
     D:3: 653 daAuts
     D:5: 68 daAuts
  Temple: 29 daAuts
